AoeStats
← IllusiveJellyfish

Arabia

508579476Analyzed
2v2 RM · 8d ago on Sep 23, 2026· 40m 27s· 4 players
Game mode
Random Map
Map size
Medium (4 player)
Population
200
Speed
Normal
Resources
Standard
Victory
Conquest
Starting age
Dark Age
Ending age
Imperial Age
RankedLock teamsTeams togetherTeam positionsShared explorationLock speedFull tech treeHidden civsTurbo modeCheats
Victory
Defeat
🇺🇸 Varangians · United States
1176
+16
🇺🇸 Danes · United States
1175
+16
🇺🇸 Mongols · United States
1176
-16
🇺🇸 Saxons · United States
1175
-16
Oomeulbad
7:22 Loom
9:12 Feudal Age
10:29 Double-Bit Axe
21:29 Castle Age
22:11 Fletching
22:48 Bow Saw
23:16 Bodkin Arrow
29:11 Wheelbarrow
IllusiveJellyfish
7:13 Loom
10:36 Feudal Age
15:36 Double-Bit Axe
15:33 Horse Collar
23:25 Castle Age
23:51 Pikeman
26:21 Forging
26:12 Scale Mail Armor
28:08 Bow Saw
28:00 Heavy Plow
27:47 Town Watch
38:55 Iron Casting
38:36 Chain Mail Armor
40:16 Gambesons
40:34 Squires
Stinkerpot
11:22 Feudal Age
9:42 Loom
13:27 Double-Bit Axe
17:56 Castle Age
18:10 Gold Mining
19:21 Scale Barding Armor
25:26 Bloodlines
36:57 Forging
37:07 Chain Barding Armor
39:19 Town Watch
Blackjack
8:19 Loom
11:12 Feudal Age
16:15 Wheelbarrow
16:41 Double-Bit Axe
22:38 Castle Age
20:28 Horse Collar
21:41 Bloodlines
22:13 Gold Mining
23:32 Scale Barding Armor
23:38 Forging
24:33 Husbandry
24:43 Husbandry
25:30 Chain Barding Armor
28:33 Padded Archer Armor
28:24 Fletching
34:52 Elite Skirmisher
38:26 Ballistics
39:42 Hand Cart
Connection lost

Rejoining the realm…

Still unreachable

The connection could not be restored.

Session expired

The server has moved on; the page needs a fresh start.